 Dungeon Crawl Stone Soup version 0.28-a0-1485-g077359a4bf (webtiles) character file.

Game seed: 14015611532724235631

343 funkygono the Firebug (level 6, 0/48 HPs)
             Began as a Human Cinder Acolyte on Jan 11, 2022.
             Was a Believer of Ignis.
             Slain by an ogre (10 damage)
             ... on level 4 of the Dungeon.
             The game lasted 00:05:39 (2989 turns).

funkygono the Firebug (Human Cinder Acolyte)        Turns: 2989, Time: 00:05:40

Health: 0/48       AC: 11    Str: 17    XL:     6   Next: 88%
Magic:  8/10       EV: 11    Int: 14    God:    Ignis [**....]
Gold:   200        SH:  0    Dex:  8    Spells: 8/10 levels left

rFire   + . .      SeeInvis .   a - -1 falchion (flame)
rCold   + . .      Faith    .   (no shield)
rNeg    . . .      Spirit   .   j - +0 leather armour
rPois   .          Reflect  .   f - +0 helmet
rElec   .          Harm     .   (no cloak)
rCorr   .          Rampage  .   (no gloves)
Will    .....                   (no boots)
Stlth   +.........              (no amulet)
HPRegen 0.16/turn               g - ring of wizardry
MPRegen 0.12/turn               i - ring of protection from cold

@: fiery-armoured
A: no striking features
a: Renounce Religion, Fiery Armour, Foxfire Swarm, Rising Flame


You were on level 4 of the Dungeon.
You worshipped Ignis.
Ignis was pleased with you.
You visited 1 branch of the dungeon, and saw 4 of its levels.

You collected 200 gold pieces.

Inventory:

Hand Weapons
 a - a -1 falchion of flaming (weapon)
 n - a +0 falchion
Armour
 b - a +0 robe
 f - a +0 helmet (worn)
 j - a +0 leather armour (worn)
 o - a +0 scale mail
Jewellery
 g - a ring of wizardry (left hand)
 i - a ring of protection from cold (right hand)
 q - a +4 ring of evasion
Scrolls
 d - 2 scrolls of identify
 m - a scroll of amnesia {unknown}
 r - a scroll of teleportation {unknown}
Potions
 c - a potion of haste
 e - 2 potions of mutation
 h - a potion of attraction
 k - a potion of resistance
 l - a potion of lignification
 p - a potion of heal wounds {unknown}


   Skills:
 + Level 3.8 Fighting
 + Level 4.0 Long Blades
 + Level 1.2 Armour
 + Level 1.1 Dodging
 + Level 2.8 Spellcasting
 + Level 4.7 Fire Magic


You had 8 spell levels left.
You knew the following spells:

 Your Spells              Type           Power      Damage    Failure   Level
a - Scorch                Fire           30%        2d6       2%          2

Your spell library contained the following spells:

 Spells                   Type           Power      Damage    Failure   Level


Dungeon Overview and Level Annotations

Branches:
Dungeon (4/15)
 Temple: D:4-7

Altars:

Shops:
D:1 [   D:4 [


Message History

The bullfrog skeleton barely misses you.
The bullfrog skeleton hits you but does no damage.
The bullfrog skeleton is no longer more vulnerable to fire.
You hit the bullfrog skeleton but do no damage.
The bullfrog skeleton is severely damaged.
The bullfrog skeleton barely misses you.
The bullfrog skeleton completely misses you.
Found a smoky brown potion.
The bullfrog skeleton barely misses you.
The bullfrog skeleton barely misses you.
A protective cloak of flame settles atop you.
The bullfrog skeleton barely misses you.
The bullfrog skeleton closely misses you.
You slash the bullfrog skeleton! You burn the bullfrog skeleton.
You destroy the bullfrog skeleton!
The ogre hits you with a +0 giant club!
The ogre is burned by your cloak of flames.
The ogre is lightly wounded.
You hit the ogre. You burn the ogre.
The ogre is moderately wounded.
The ogre barely misses you.
You completely miss the ogre.
The ogre is moderately wounded.
You hit the ogre. You burn the ogre.
The ogre is moderately wounded.
The ogre hits you with a +0 giant club!
The ogre is burned by your cloak of flames.
The ogre is heavily wounded.
You hit the ogre. You burn the ogre.
The ogre is heavily wounded.
The ogre hits you with a +0 giant club!
* * * LOW HITPOINT WARNING * * *
The ogre is burned by your cloak of flames.
The ogre is severely wounded.
Casting: Scorch (safe; 2% risk of failure)
Confirm with . or Enter, or press ? or * to list all spells.
Flames lash the ogre.
The ogre is almost dead.
The ogre's fire resistance burns away.
The ogre hits you with a +0 giant club!
You die...

#.....'..#...........#.....#
#.....#..#...........'.....#
#.....#.##...........#######
...####+#....#########
...'....#....#....#
...#....'....#!...#
...######....##..##
..........# ##.O#
..........# #..@#
..........# #...#
..........# #...#
........†.#####..# #####
#####.......###..#####......
#...#.......#........'......
#...#.......#........#......
'...#.......#........# .....
#####.......#'##..#.## ....


You could see an ogre (combustible).

Vanquished Creatures
  A scorpion (D:4)
  A howler monkey (D:4)
  A bullfrog skeleton (D:4)
  2 hounds (D:4)
  An orc priest (D:4)
  3 adders
  A white imp (D:4)
  2 adder skeletons (D:4)
  A worm (D:1)
  3 dart slugs
  4 orcs (D:4)
  7 ball pythons
  5 endoplasms
  4 giant cockroaches
  7 goblins
  9 hobgoblins
  2 jackals (D:2)
  4 quokkas
  5 bats
  3 frilled lizards
  10 kobolds
  2 rats
78 creatures vanquished.

Notes
Turn   | Place    | Note
-------+----------+-------------------------------------------
     0 | D:1      | funkygono the Human Cinder Acolyte began the quest for the
                  | Orb.
     0 | D:1      | Reached XP level 1. HP: 18/18 MP: 2/2
    53 | D:1      | Reached XP level 2. HP: 24/24 MP: 3/3
    57 | D:1      | Learned a level 2 spell: Scorch
   197 | D:1      | Found Duphur's Antique Armour Boutique.
   448 | D:1      | Reached XP level 3. HP: 29/29 MP: 1/4
   743 | D:2      | Reached XP level 4. HP: 33/35 MP: 5/5
   957 | D:2      | Found a faded altar of an unknown god.
  1999 | D:4      | Reached XP level 5. HP: 42/42 MP: 1/7
  2110 | D:4      | Found Cikashre's Antique Armour Shoppe.
  2400 | D:4      | Reached XP level 6. HP: 42/48 MP: 7/9
  2502 | D:4      | Reached skill level 1 in Armour
  2577 | D:4      | Reached skill level 1 in Dodging
  2965 | D:4      | Noticed an ogre
  2989 | D:4      | Slain by an ogre

Illustrated notes

Levels and vault maps discovered:
D:1:      mrwooster_arrival_statue, layout_rooms, serial_shops, shop,
          st_stairs_10
D:2:      layout_rooms, chequers_ecumenical_altar_island
D:3:      layout_loops_ring
D:4:      layout_gridville, serial_shops, shop, nicolae_underground_beach

Skill      XL: |  1  2  3  4  5  6 |
---------------+-------------------+-----
Fire Magic     | 4 |  4.7
Spellcasting   | 2 |  2.8
Armour         | 1 |  1.2
Long Blades    | 4 |  4.0
Dodging        | 1 |  1.1
Fighting       | |  3.8

Action                   |  1- 3 |  4- 6 || total
-------------------------+-------+-------++-------
Melee: Falchion          |    31 |    67 ||    98
       Punch             |     1 |     1 ||     2
 Cast: Scorch            |     7 |    36 ||    43
Invok: Fiery Armour      |     4 |     5 ||     9
  Use: Scroll            |       |     5 ||     5
Armor: Robe              |    19 |    13 ||    32
       Leather armour    |       |    20 ||    20
Dodge: Dodged            |    22 |    38 ||    60

Table legend: (Time is in decaauts)
 A = Elapsed time spent in this place.
 B = Non-inter-level travel time spent in this place.
 C = Inter-level travel time spent in this place.
 D = Time resting spent in this place.
 E = Time spent auto-exploring this place.
 F = Levels seen in this place.
 G = Mean time per level.
                   A        B        C        D        E       F      G
               +--------+--------+--------+--------+--------+-----+--------+
         Total |   3008 |   2920 |     88 |    187 |   2229 |   4 |  752.0 |
       Dungeon |   3008 |   2920 |     88 |    187 |   2229 |   4 |  752.0 |
               +--------+--------+--------+--------+--------+-----+--------+

Top non-repeatable levels by time:
     D:4: 1018 daAuts
     D:3: 747 daAuts
     D:1: 728 daAuts
     D:2: 514 daAuts
